 Dungeon Crawl Stone Soup version 0.17-a0-1382-gc46a074 (webtiles) character file.

46 Kidiri the Magician (level 3, 0/20 HPs)
             Began as a Deep Elf Fire Elementalist on June 15, 2015.
             Succumbed to Ijyb's poison
             ... on level 2 of the Dungeon.
             The game lasted 00:06:47 (1768 turns).

Kidiri the Magician (Deep Elf Fire Elementalist)    Turns: 1768, Time: 00:06:47

Health: 0/20       AC:  3    Str:  5    XL:     3   Next: 46%
Magic:  8/10       EV: 13    Int: 20    God:
Gold:   57         SH:  0    Dex: 15    Spells: 3 memorised, 4 levels left

rFire  . . .     SeeInvis .     c - +0 short sword (speed)
rCold  . . .     Clarity  .     a - +1 robe
rNeg   . . .     SustAt   .     (no shield)
rPois  +         Gourm    .     (no helmet)
rElec  .         Spirit   .     (no cloak)
rCorr  .         Warding  .     (no gloves)
rMut   .         Stasis   .     (no boots)
MR     .....                    i - amulet of rage
Stlth  ++........               (no ring)
                                j - ring of poison resistance

@: lethally poisoned (0 -> -10), very slightly contaminated, invisible, not
resistant to hostile enchantments, unstealthy
A: no striking features
a: Evoke Berserk Rage


You were on level 2 of the Dungeon.
You were not hungry.

You visited 1 branch of the dungeon, and saw 2 of its levels.

You collected 57 gold pieces.

Inventory:

Hand weapons
 c - a +0 short sword of speed (weapon)
 d - a +2 whip of electrocution
 e - a +0 short sword
Armour
 a - a +1 robe (worn)
Jewellery
 i - an amulet of rage (around neck)
 j - a ring of poison resistance (left hand)
Scrolls
 f - a scroll of amnesia
 k - a scroll of identify
Books
 b - a book of Flames

   Spells                             Type                      Level
   a - Flame Tongue                   Conjuration/Fire             1
   b - Throw Flame                    Conjuration/Fire             2
   c - Conjure Flame                  Conjuration/Fire             3
   d - Inner Flame                    Hexes/Fire                   3
   e - Sticky Flame                   Conjuration/Fire             4
   f - Fireball                       Conjuration/Fire             5
Comestibles
 h - a bread ration
 l - 3 chunks of flesh


   Skills:
 + Level 0.5 Fighting
 + Level 2.8 Dodging
 + Level 2.8 Stealth
 * Level 4.0 Spellcasting
 + Level 1.3 Conjurations
 + Level 3.7 Fire Magic


You had 4 spell levels left.
You knew the following spells:

 Your Spells              Type           Power        Failure   Level  Hunger
a - Flame Tongue          Conj/Fire      ##...        4%          1    None
b - Throw Flame           Conj/Fire      ##....       10%         2    #......
c - Conjure Flame         Conj/Fire      ##......     14%         3    ###....


Dungeon Overview and Level Annotations

Branches:
Dungeon (2/15)

Altars:

Annotations:
D:2 Ijyb


Message History

Drink which item? (? for menu, Esc to quit)
Okay, then.
Unknown command.
Drink which item? (? for menu, Esc to quit)
You fade into invisibility!
You feel sick. Ijyb hits you with a dagger of venom.
You are very lightly contaminated with residual magic.
* * * LOW HITPOINT WARNING * * *
You feel sick.
* * * LOW HITPOINT WARNING * * *
You feel sick.
* * * LOW HITPOINT WARNING * * *
You feel sick.
* * * LOW HITPOINT WARNING * * *
You feel sick.
* * * LOW HITPOINT WARNING * * *
You feel sick.
* * * LOW HITPOINT WARNING * * *
You feel sick.
You die...

#.##########............
#.......................
#############...........
#........... #...........
#........... ###### #...........
?...###########...........
#.......@.g..............
########..##########............
.........................<......
..........#####.#..#.#.#..#####.
####.......##.....#.#...... .
............##.....#.#....### #
#####.......##...รท.#.#..#.#
#.......##.....#.#..#.#
#.......##.....#.# .


You could see Ijyb.

Vanquished Creatures
  An adder (D:1)
  An ooze (D:1)
  A giant gecko (D:1)
  9 bats
  2 hobgoblins (D:1)
  A ball python (D:1)
  2 giant newts
  3 goblins (D:1)
  6 kobolds
  9 rats
35 creatures vanquished.

Notes
Turn   | Place    | Note
--------------------------------------------------------------
     0 | D:1      | Kidiri the Deep Elf Fire Elementalist began the quest for the Orb.
     0 | D:1      | Reached XP level 1. HP: 10/10 MP: 6/6
   134 | D:1      | Reached XP level 2. HP: 15/15 MP: 5/8
   138 | D:1      | Learned a level 2 spell: Throw Flame
   786 | D:1      | Reached skill level 4 in Spellcasting
  1049 | D:1      | Reached XP level 3. HP: 16/20 MP: 2/10
  1056 | D:1      | Learned a level 3 spell: Conjure Flame
  1740 | D:2      | Noticed Ijyb
  1766 | D:2      | HP: 1/20 [poisoned by Ijyb]
  1768 | D:2      | Succumbed to Ijyb's poison

Vault maps used:
D:1:      sevenhm_arrival_forest_fort_small_6
D:2:      ecumenical_altar_1, uniq_iyjb

Action                   || total
-------------------------++-------
Melee: Short sword       ||    23
 Cast: Flame Tongue      ||    34
       Throw Flame       ||     8
       Conjure Flame     ||     1
  Use: Scroll            ||     3
       Potion            ||     1
 Stab: Sleeping          ||     6
  Eat: Bread ration      ||     1
       Chunk             ||     1
